 Dungeon Sprint DCSS version 0.30.1-11-g7821555f0a (webtiles) character file.

Game seed: 818583296714938950

12953 Groucho the Unseen (level 11, -6/62 HPs)
             Began as a Spriggan Fighter on Jan 4, 2024.
             Was a Believer of Uskayaw.
             Mangled by an orc knight
             ... wielding a +0 halberd
              (30 damage)
             ... in the Dungeon (Sprint IX: "|||||||||||||||||||||||||||||").
             The game lasted 00:09:34 (3028 turns).

Groucho the Unseen (Spriggan Fighter)               Turns: 3028, Time: 00:09:34

Health: -6/62      AC:  7    Str: 12    XL:     11   Next: 69%
Magic:  22/22      EV: 30    Int: 10    God:    Uskayaw [**....]
Gold:   669        SH:  7    Dex: 22    Spells: 10/10 levels left

rFire   . . .        l - +2 rapier (vamp)
rCold   + . .        c - +0 buckler
rNeg    . . .        w - +2 robe {rC+}
rPois   .            (helmet restricted)
rElec   .            v - +0 cloak
rCorr   .            (gloves unavailable)
SInv    +            (boots unavailable)
Will    +....        (no amulet)
Stlth   +++++++      a - +3 ring of dexterity
HPRegen 0.30/turn    m - +2 ring of protection
MPRegen 0.18/turn

%: no teleportation
@: very quick
A: very small, no large weapons, unfitting armour, see invisible, speed 3
a: Renounce Religion, Stomp, Line Pass


You were in the Dungeon.
You worshipped Uskayaw.
Uskayaw was pleased with you.
You visited 1 branch You collected 669 gold pieces.

Inventory:

Hand Weapons
 l - a +2 vampiric rapier (weapon)
Missiles
 u - 3 boomerangs (quivered)
 x - 3 boomerangs of dispersal
Armour
 c - a +0 buckler (worn)
 v - a +0 cloak (worn)
 w - a +2 robe of cold resistance (worn)
Jewellery
 a - a +3 ring of dexterity (left hand)
 m - a +2 ring of protection (right hand)
 t - a ring of wizardry
Wands
 k - a wand of acid (10)
Scrolls
 g - 2 scrolls of amnesia
 j - 3 scrolls of blinking
 p - 2 scrolls of enchant armour
 q - a scroll of fear
 r - a scroll of identify
 s - a scroll of fog
Potions
 d - a potion of resistance
 e - 6 potions of curing
 f - a potion of heal wounds
 h - 4 potions of magic
 i - a potion of berserk rage
 n - a potion of brilliance
 o - a potion of mutation


   Skills:
 * Level 9.4 Fighting
 + Level 14.6 Short Blades
 + Level 0.1 Throwing
 + Level 2.8 Armour
 * Level 14.2 Dodging
 + Level 18.4 Stealth
 + Level 9.9 Shields
 * Level 13.9 Invocations
 + Level 0.2 Evocations


You had 10 spell levels left.
You didn't know any spells.
Your spell library contained the following spells:

 Spells                   Type           Power      Damage    Failure   Level
 Summon Guardian Golem    Hex/Summ       0%         N/A       82%         3
 Dispersal                Tloc           0%         N/A       100%        6
 Malign Gateway           Summ/Tloc      0%         N/A       100%        7
 Orb of Destruction       Conj           0%         9d5       100%        7
 Spellforged Servitor     Conj/Summ      0%         N/A       100%        7


Dungeon Overview and Level Annotations

Branches:
Dungeon (1/1)

Altars:
Cheibriados
Dithmenos
Elyvilon
Fedhas
Gozag
Hepliaklqana
Kikubaaqudgha
Makhleb
Nemelex Xobeh
Okawaru
Qazlal
Ru
Sif Muna
Trog
Uskayaw
Vehumet
Wu Jian
Xom
Yredelemnul
Zin
The Shining One
Jiyva
Lugonu


Innate Abilities, Weirdness & Mutations

You are very small and have problems with some larger weapons.
You are too small for most types of armour.
You have supernaturally acute eyesight. (SInv)
You cover ground extremely quickly. (Speed+++)


Message History

An orc knight comes into view. It is wielding a +0 great mace.
The orc knight roars a battlecry!
The orcs go into a battle-frenzy!
The orc warrior unwields a +0 halberd.
The orc warrior wields a +0 arbalest.
The orc warrior shoots a bolt.
The bolt completely misses you.
Things that are here:
a +0 dagger; an orc corpse Unknown command.
The orc warrior shoots a bolt.
The bolt completely misses you.
The orc knight shouts!
The orc knight hits you from afar with a +0 halberd!
The orc warrior unwields a +0 arbalest.
The orc warrior wields a +0 halberd.
You block the orc warrior's attack.
You puncture the orc warrior!
The orc warrior is heavily wounded.
You hit the orc warrior but do no damage.
The orc warrior is heavily wounded.
The orc knight hits you from afar with a +0 halberd!
You hit the orc warrior but do no damage.
The orc warrior is heavily wounded.
The orc warrior completely misses you.
You hit the orc warrior.
You feel better.
The orc warrior is severely wounded.
The orc knight misses you.
The orc knight roars a battlecry!
The orc knight goes into a battle-frenzy!
You can now pass through a line of other dancers.
You hit the orc warrior but do no damage.
The orc warrior is severely wounded.
The orc warrior completely misses you.
You barely miss the orc warrior.
The orc warrior is severely wounded.
The orc knight hits you from afar with a +0 halberd!!!
Ouch! That really hurt!
* * * LOW HITPOINT WARNING * * *
Unknown command.
Unknown command.
You feel much better. The orc warrior misses you.
The orc knight hits you from afar with a +0 halberd!!
You die...

▓.▓.▓.▓.▓.▓
▓.▓.▓.▓.▓'▓
▓.▓.▓.▓.▓)▓
▓.▓.▓(▓.▓)▓
▓'▓.▓.▓.▓)▓
▓_▓.▓.▓.▓)▓
▓_▓.▓.▓.▓.▓
▓_▓.▓.▓)▓.▓
▓_▓.▓.▓.▓@▓
▓_▓.▓'▓.▓o▓
▓_▓.▓.▓.▓o▓
▓_▓.▓.▓.▓o▓
▓_▓.▓†▓.▓o▓
▓_▓.▓.▓.▓.▓
▓_▓.▓.▓.▓.▓
▓_▓.▓.▓.▓'▓
▓_▓.▓.▓.▓$▓


You could see 2 orc knights and 2 orc warriors.

Vanquished Creatures
  2 dire elephants (D)
  Josephine (D)
  A hydra (D)
  A centaur warrior (D)
  A deep elf pyromancer (D)
  2 orc sorcerers (D)
  6 elephants (D)
  A cyclops (D)
  Joseph (D)
  A gargoyle (D)
  Psyche (D)
  4 cane toads (D)
  6 komodo dragons (D)
  A troll (D)
  A shadow (D)
  3 wraiths (D)
  A yak (D)
  2 wyverns (D)
  A basilisk (D)
  2 water moccasins (D)
  An orc warrior (D)
  2 wolves (D)
  A phantom (D)
  3 bullfrogs (D)
  A killer bee (D)
  A hound (D)
  2 orc priests (D)
  A sleepcap (D)
  An orc wizard (D)
  A dart slug (D)
  10 orcs (D)
  A bat (D)
  A hobgoblin (D)
  2 kobolds (D)
  A frilled lizard (D)
68 creatures vanquished.

Vanquished Creatures (others)
  A skeletal warrior (D)
1 creature vanquished.

Grand Total: 69 creatures vanquished

Notes
Turn   | Place    | Note
-------+----------+-------------------------------------------
     0 | D        | Groucho the Spriggan Fighter began the quest for the Orb.
     0 | D        | Reached XP level 1. HP: 11/11 MP: 2/2
     7 | D        | Reached skill level 1 in Stealth
    10 | D        | Reached skill level 1 in Invocations
    11 | D        | Reached skill level 2 in Stealth
   243 | D        | Noticed a phantom
   243 | D        | Noticed an orc wizard
   243 | D        | Noticed a sleepcap
   243 | D        | Noticed a hound
   252 | D        | Killed a phantom
   253 | D        | Reached skill level 5 in Dodging
   253 | D        | Reached skill level 5 in Stealth
   253 | D        | Reached XP level 2. HP: 16/16 MP: 2/5
   253 | D        | Reached XP level 3. HP: 20/20 MP: 2/6
   253 | D        | Reached XP level 4. HP: 24/24 MP: 2/7
   257 | D        | Reached skill level 6 in Stealth
   260 | D        | Reached skill level 5 in Short Blades
   263 | D        | Reached skill level 7 in Stealth
   263 | D        | Reached XP level 5. HP: 26/28 MP: 2/9
   270 | D        | Found a snail-covered altar of Cheibriados.
   270 | D        | Found a shadowy altar of Dithmenos.
   270 | D        | Found a white marble altar of Elyvilon.
   270 | D        | Found a blossoming altar of Fedhas.
   270 | D        | Found an opulent altar of Gozag.
   271 | D        | Found a hazy altar of Hepliaklqana.
   272 | D        | Found a viscous altar of Jiyva.
   273 | D        | Found an ancient bone altar of Kikubaaqudgha.
   274 | D        | Found a corrupted altar of Lugonu.
   275 | D        | Found a burning altar of Makhleb.
   276 | D        | Found a sparkling altar of Nemelex Xobeh.
   277 | D        | Found an iron altar of Okawaru.
   278 | D        | Found a stormy altar of Qazlal.
   279 | D        | Found a sacrificial altar of Ru.
   280 | D        | Found a shimmering blue altar of Sif Muna.
   281 | D        | Found a bloodstained altar of Trog.
   282 | D        | Found a hide-covered altar of Uskayaw.
   283 | D        | Found a radiant altar of Vehumet.
   284 | D        | Found an ornate altar of the Wu Jian Council.
   285 | D        | Found a shimmering altar of Xom.
   286 | D        | Found a basalt altar of Yredelemnul.
   287 | D        | Found a glowing silver altar of Zin.
   288 | D        | Found a glowing golden altar of the Shining One.
   290 | D        | Became a worshipper of Uskayaw the Reveller
   540 | D        | Noticed a yak
   540 | D        | Noticed a wyvern
   540 | D        | Noticed a troll
   540 | D        | Noticed a gargoyle
   540 | D        | Noticed a shadow
   542 | D        | Reached * piety under Uskayaw
   543 | D        | Killed a yak
   544 | D        | Reached skill level 8 in Stealth
   544 | D        | Reached skill level 5 in Invocations
   544 | D        | Reached XP level 6. HP: 33/33 MP: 9/11
   545 | D        | Killed a wyvern
   545 | D        | Reached ** piety under Uskayaw
   546 | D        | Reached skill level 10 in Stealth
   546 | D        | Reached skill level 5 in Shields
   547 | D        | Killed a troll
   547 | D        | Reached *** piety under Uskayaw
   548 | D        | Reached skill level 11 in Stealth
   548 | D        | Reached XP level 7. HP: 38/38 MP: 9/13
   549 | D        | Killed a gargoyle
   549 | D        | Reached **** piety under Uskayaw
   550 | D        | Reached skill level 5 in Fighting
   550 | D        | Reached skill level 12 in Stealth
   556 | D        | Reached ***** piety under Uskayaw
   561 | D        | Killed a shadow
   562 | D        | Reached XP level 8. HP: 43/43 MP: 10/15
   566 | D        | Reached ****** piety under Uskayaw
   569 | D        | Noticed a cyclops
   569 | D        | Noticed a komodo dragon
   569 | D        | Noticed a komodo dragon
   569 | D        | Noticed a skeletal warrior
   569 | D        | Noticed a centaur warrior
   569 | D        | Noticed a deep elf pyromancer
   571 | D        | Killed a cyclops
   572 | D        | Reached skill level 13 in Stealth
   577 | D        | Killed a komodo dragon
   578 | D        | Reached skill level 10 in Short Blades
   579 | D        | Killed a komodo dragon
   580 | D        | Reached XP level 9. HP: 48/48 MP: 12/16
   582 | D        | Killed a skeletal warrior
   583 | D        | Reached skill level 14 in Stealth
   589 | D        | Killed a centaur warrior
   590 | D        | Reached skill level 10 in Dodging
   590 | D        | Reached skill level 15 in Stealth
   590 | D        | Reached skill level 10 in Invocations
   591 | D        | Killed a deep elf pyromancer
   765 | D        | Noticed Joseph
   772 | D        | Killed Joseph
   842 | D        | Got the Octavo of Orientation
   854 | D        | Noticed a cane toad
   854 | D        | Noticed a komodo dragon
   854 | D        | Noticed a cane toad
   858 | D        | Killed a cane toad
   859 | D        | Reached skill level 16 in Stealth
   859 | D        | Reached XP level 10. HP: 53/53 MP: 17/19
   866 | D        | Killed a cane toad
  1224 | D        | Noticed a cane toad
  1225 | D        | Noticed a five-headed hydra
  1227 | D        | Noticed a cane toad
  1236 | D        | Killed a cane toad
  1240 | D        | Killed a cane toad
  1249 | D        | Killed a five-headed hydra
  1250 | D        | Reached skill level 17 in Stealth
  1733 | D        | Noticed an elephant
  1733 | D        | Noticed a dire elephant
  1733 | D        | Noticed an elephant
  1733 | D        | Noticed an elephant
  1733 | D        | Noticed a dire elephant
  1733 | D        | Noticed an elephant
  1734 | D        | Noticed an elephant
  1802 | D        | Killed a dire elephant
  1803 | D        | Reached XP level 11. HP: 55/60 MP: 14/21
  1852 | D        | Killed a dire elephant
  1853 | D        | Reached skill level 1 in Armour
  2257 | D        | Reached skill level 18 in Stealth
  2355 | D        | Noticed Psyche
  2361 | D        | Noticed Josephine
  2362 | D        | Killed Psyche
  2374 | D        | Killed Josephine
  2484 | D        | Noticed an orc sorcerer
  2487 | D        | Noticed an orc sorcerer
  2728 | D        | Killed an orc sorcerer
  2759 | D        | Killed an orc sorcerer
  2882 | D        | Noticed an orc knight
  3018 | D        | Noticed an orc knight
  3027 | D        | HP: 2/62 [orc knight/+0 halberd (36)]
  3028 | D        | Mangled by an orc knight

Illustrated notes

Levels and vault maps discovered:
D:        linesprint [early_d, line_temple, items_1, d_10, items_2, lair_1,
          lair_end, items_3, orc_1, orc_end, items_4, d_15, swamp_1, shoals_1,
          snake_1, spider_1, d_20, vaults_1, items_5, swamp_end, shoals_end,
          snake_end, spider_end, vaults_end, d_27, items_6, zot_1, zot_end,
          crypt_end, forest_end, elf_end, slime_end, tomb_end, abyss_end,
          pan_hell_end]

Skill      XL: |  1  2  3  4  5  6  7  8  9 10 11 |
---------------+----------------------------------+-----
Stealth        | 5 7 8 11 12 13 16 17 18 | 18.4
Invocations    | 3 4 5 7 8 9 10 12 13 | 13.9
Fighting       | 3 4 5 6 7 9 |  9.4
Short Blades   | 4 5 6 8 9 10 11 13 14 | 14.6
Dodging        | 5 6 7 8 9 10 12 14 | 14.2
Shields        | 3 4 5 6 7 8 9 |  9.9
Armour         | 2 |  2.8
Throwing       | |  0.1
Evocations     | |  0.2

Action                     |  1- 3 |  4- 6 |  7- 9 | 10-12 || total
---------------------------+-------+-------+-------+-------++-------
  Melee: Rapier            |    18 |    16 |    37 |   190 ||   261
 Invoke: Line Pass         |       |       |       |    16 ||    16
    Use: Potion            |     2 |     1 |     1 |     5 ||     9
   Stab: Sleeping          |       |     3 |     5 |     5 ||    13
         Invisible         |       |     1 |     8 |       ||     9
         Confused          |       |       |       |    16 ||    16
         Paralysed         |       |       |       |     4 ||     4
         Distracted        |       |       |       |     4 ||     4
 Armour: Robe              |       |       |       |     5 ||     5
  Dodge: Dodged            |    13 |     6 |    17 |    99 ||   135
  Block: Buckler           |     2 |       |     6 |    27 ||    35
